Map: Tourmaline LE

Players

Serral - Winner!

  • Race: Zerg Zerg
  • League: Grandmaster
  • Spawn Location: 7:00

Reynor

  • Race: Zerg Zerg
  • League: Master
  • Spawn Location: 1:00

VOD

Have the link to the VOD?

Description

Time

  • Played on: Feb. 1, 2026, 7:26 a.m.
  • Length: 9:35
Show
View Real Time Build Order
Export as new Build Order

Serral Zerg - Winner!

Build Orders: Hatch First 

Get SALT Encoding   

  12  0:00  Drone  
  13  0:07  Drone  
  13  0:14  Extractor, Drone  
  15  0:21  Overlord  
  15  0:39  Drone  
  16  0:44  Hatchery  
  16  0:48  Drone  
  16  0:51  Drone  
  16  0:55  Drone  
  18  1:05  Extractor  
  18  1:10  Spawning Pool  
  16  1:13  Drone  
  16  1:16  Drone  
  18  1:26  Drone  
  19  1:37  Drone  
  20  1:47  Drone  
  21  1:56  Queen x2  
  21  1:57  Zergling x2  
  21  1:59  Overlord  
  26  2:05  Metabolic Boost  
  26  2:09  Drone  
  26  2:11  Drone  
  28  2:19  Zergling x2  
  28  2:20  Drone  
  31  2:30  Drone x2  
  32  2:37  Hatchery  
  32  2:39  Drone  
  32  2:43  Overlord  
  32  2:53  Drone x2  
  34  3:01  Zergling x2  
  36  3:05  Zergling x14  
  36  3:11  Baneling Nest  
  40  3:13  Overlord  
  40  3:17  Drone  
  41  3:22  Queen  
  43  3:33  Zergling x2  
  44  3:35  Drone  
  44  3:36  Zergling x6  
  44  3:38  Zergling x6  
  44  3:40  Drone  
  50  3:46  Drone  
  49  3:50  Drone x3  
  51  3:59  Baneling  
  51  4:04  Drone x3  
  51  4:05  Roach Warren  
  51  4:09  Overlord  
  53  4:10  Drone x2  
  53  4:15  Extractor x2, Overlord  
  53  4:17  Zergling x4  
  53  4:20  Baneling  
  54  4:25  Drone x2  
  54  4:26  Overlord  
  54  4:29  Overlord  
  56  4:34  Drone  
  57  4:45  Roach x4  
  67  4:48  Roach  
  67  4:52  Roach x2  
  71  4:53  Baneling x2  
  71  4:54  Zergling x4  
  71  4:58  Roach  
  71  4:59  Roach  
  77  5:00  Baneling  
  77  5:03  Roach  
  79  5:08  Baneling  
  79  5:10  Roach x2  
  82  5:18  Roach x2, Zergling x4  
  87  5:26  Overlord x2  
  67  5:35  Roach, Zergling x2  
  67  5:36  Roach x3  
  73  5:42  Overlord  
  73  5:43  Overlord  
  73  5:48  Roach x2  
  77  5:58  Drone  
  77  5:59  Roach x3  
  84  6:09  Roach x4  
  91  6:18  Overlord  
  91  6:21  Roach x4  
  91  6:25  Baneling x2  
  99  6:28  Drone  
  100  6:33  Roach x3  
  100  6:36  Overlord  
  106  6:40  Overlord  
  106  6:43  Overlord  
  106  6:51  Drone x2  
  106  6:53  Roach x3  
  114  6:58  Drone  
  114  6:59  Roach x2  
  118  7:06  Zergling x4  
  120  7:11  Drone x2  
  120  7:13  Roach x3  
  128  7:19  Ravager x2  
  128  7:20  Ravager, Zergling x8  
  135  7:25  Zergling x6  
  138  7:30  Overlord, Ravager  
  138  7:32  Zergling x4  
  138  7:34  Ravager  
  142  7:37  Overlord  
  142  7:42  Zergling x6  
  145  7:45  Overlord x2  
  145  7:47  Overlord  
  144  7:52  Ravager  
  144  7:56  Zergling x12  
  150  7:59  Baneling x4  
  150  8:00  Baneling  
  150  8:09  Evolution Chamber  
  143  8:13  Zergling x12  
  143  8:17  Zergling x10  
  130  8:22  Zergling x4  
  115  8:32  Zergling x10  
  115  8:33  Zergling x2  
  119  8:40  Ravager  
  114  8:41  Ravager  
  114  8:42  Ravager  
  114  8:44  Zergling x4  
  118  8:50  Zergling x6  
  118  8:55  Zergling x4  
  123  9:04  Zergling x6  
  128  9:10  Zergling x6  
  118  9:17  Zergling x8  
Show
View Real Time Build Order
Export as new Build Order

Reynor Zerg 

Build Orders: Hatch First 

Get SALT Encoding   

  12  0:00  Drone  
  13  0:07  Drone  
  14  0:14  Extractor, Drone  
  15  0:21  Overlord  
  15  0:40  Drone  
  16  0:45  Hatchery  
  15  0:50  Drone  
  15  0:52  Drone  
  15  0:56  Drone  
  18  1:06  Extractor  
  17  1:12  Spawning Pool  
  17  1:14  Drone  
  17  1:18  Drone  
  18  1:26  Drone  
  19  1:37  Drone  
  20  1:47  Drone  
  21  1:58  Overlord, Queen x2  
  21  1:59  Zergling x2  
  26  2:07  Drone  
  27  2:09  Drone  
  27  2:10  Metabolic Boost  
  28  2:18  Drone  
  28  2:21  Drone  
  30  2:31  Drone x2  
  32  2:37  Hatchery  
  32  2:40  Drone  
  32  2:41  Drone  
  33  2:50  Overlord  
  33  2:53  Zergling x2  
  33  2:56  Queen  
  36  3:08  Overlord  
  36  3:10  Zergling x10  
  36  3:12  Zergling x2  
  42  3:13  Zergling x2  
  43  3:20  Zergling x2  
  43  3:22  Roach Warren  
  43  3:25  Drone  
  44  3:28  Drone  
  44  3:30  Zergling x2  
  46  3:39  Zergling x2  
  44  3:42  Zergling x4  
  44  3:43  Overlord  
  44  3:44  Drone x2  
  44  3:47  Drone x2  
  50  4:03  Roach x4  
  50  4:05  Baneling Nest  
  50  4:06  Roach  
  57  4:10  Roach  
  59  4:17  Roach x3  
  59  4:21  Overlord  
  59  4:23  Zergling x2  
  66  4:26  Overlord  
  66  4:36  Overlord  
  66  4:39  Zergling x10  
  66  4:41  Zergling x2  
  66  4:43  Zergling x2  
  73  4:46  Zergling x4  
  73  4:47  Zergling x2  
  73  4:50  Zergling x4  
  78  4:53  Zergling x2  
  78  4:54  Zergling x2  
  78  4:56  Zergling x2  
  78  4:57  Zergling x2  
  82  5:04  Baneling x5  
  82  5:06  Zergling x4  
  83  5:10  Baneling  
  83  5:12  Zergling x6  
  83  5:14  Zergling x2  
  87  5:17  Overlord  
  87  5:20  Zergling x2  
  87  5:23  Overlord  
  81  5:33  Zergling x12  
  65  5:37  Drone x2  
  65  5:38  Drone  
  65  5:41  Drone  
  64  5:44  Extractor  
  64  5:45  Extractor  
  64  5:46  Roach  
  64  5:47  Roach  
  66  5:50  Roach  
  66  5:55  Roach x2  
  72  5:58  Zergling x2  
  73  6:07  Drone x2  
  73  6:08  Drone  
  77  6:11  Drone x3  
  77  6:12  Drone  
  80  6:19  Drone x2  
  80  6:21  Roach x3  
  80  6:25  Overlord  
  88  6:28  Roach  
  90  6:35  Roach  
  90  6:36  Roach  
  94  6:49  Drone x2  
  94  6:50  Overlord  
  94  6:53  Roach  
  94  6:54  Roach x5  
  108  6:56  Zergling x4  
  108  6:58  Zergling x2  
  111  7:02  Overlord  
  111  7:03  Zergling x2  
  111  7:04  Zergling x2  
  111  7:07  Zergling x2  
  111  7:08  Overlord  
  114  7:13  Zergling x6  
  116  7:17  Zergling x6  
  116  7:18  Zergling x2  
  116  7:21  Overlord  
  116  7:22  Ravager  
  121  7:23  Ravager x2  
  121  7:24  Ravager  
  121  7:26  Zergling x2  
  125  7:31  Ravager  
  125  7:32  Zergling x8  
  125  7:34  Zergling x2  
  131  7:39  Zergling x4  
  131  7:40  Zergling x4  
  135  7:44  Zergling x2  
  135  7:45  Zergling x6  
  135  7:48  Ravager  
  135  7:49  Ravager  
  135  7:51  Zergling x6  
  144  7:55  Zergling x2  
  143  8:01  Overlord  
  142  8:06  Zergling x6  
  142  8:08  Overlord  
  139  8:15  Zergling x14  
  113  8:22  Zergling x8  
  113  8:24  Zergling x2  
  92  8:30  Zergling x2  
  92  8:33  Lair  
  79  8:36  Zergling x10  
  79  8:40  Roach x2  
  88  8:44  Roach  
  88  8:47  Roach x2  
  94  8:50  Ravager x2  
  94  8:52  Roach  
  94  8:55  Baneling  
  98  8:57  Zergling x6  
  94  9:05  Roach x4  
  96  9:15  Roach x2, Zergling x2  
  96  9:16  Zergling x4  
Tags
 
Add a new tag
Caveats
  • Supply blocks, unpowered buildings, or Contaminate may cause inaccurate times.
  • Supply counts are checked every 10 seconds.